 Dungeon Crawl Stone Soup version 0.21.1-1-g345015f (webtiles) character file.

128290 tidbits the Thaumaturge (level 16, -16/159 HPs)
             Began as a Gnoll Necromancer on June 27, 2018.
             Was a High Priest of Cheibriados.
             Collided with a tree (29 damage)
             ... caused by an ancient lich
             ... on level 3 of the Abyss on June 29, 2018.
             The game lasted 01:24:53 (4081 turns).

tidbits the Thaumaturge (Gnoll Necromancer)         Turns: 4081, Time: 01:24:55

Health: -16/159    AC: 38    Str: 26    XL:     16   Next: 27%
Magic:  4/40       EV: 25    Int: 42    God:    Cheibriados [*****.]
Gold:   82         SH:  9    Dex: 28    Spells: 10/38 levels left

rFire    . . .     SeeInvis .     - Unarmed
rCold    + . .     Gourm    .   D - +1 buckler "Sasonk" {Regen+ Str+2 Int+4}
rNeg     + . .     Faith    .   (armour currently unavailable)
rPois    ∞         Spirit   .   E - +0 helmet
rElec    +         Reflect  .   C - +2 cloak
rCorr    .         Harm     .   (gloves currently unavailable)
MR       +....                  (boots currently unavailable)
Stlth    ++++++....             M - amulet of magic regeneration
HPRegen  0.76/turn              S - ring "Osaithell" {rC+ AC+4}
MPRegen  0.52/turn              p - ring of magical power

@: statue-form, very slow
A: distributed training, fangs 1, sense surroundings 1, strong nose
}: 2/15 runes: decaying, serpentine
a: End Transformation, Bend Time, Temporal Distortion, Slouch, Step From Time,
Renounce Religion


You were on level 3 of the Abyss.
You worshipped Cheibriados.
Cheibriados was extremely pleased with you.
You were not hungry.
You were a stone statue.
You visited 5 branches of the dungeon, and saw 22 of its levels.
You visited the Abyss 1 time.

You collected 472 gold pieces.
You spent 390 gold pieces at shops.

Inventory:

Hand Weapons
 e - a +0 long sword
 t - a +0 trident
 v - a +0 broad axe
 J - a +1 dagger of draining
   (You took it off an orc wizard on level 8 of the Dungeon)
 Y - a +1 trident of distortion
   (You took it off a naga on level 4 of the Snake Pit)
Missiles
 f - 51 stones
 n - 60 arrows
 s - 8 tomahawks (quivered)
Armour
 z - a cursed +0 shield
 B - a +0 leather armour of fire resistance (melded)
   (You took it off an orc priest on level 8 of the Dungeon)
 C - a +2 cloak (worn)
 D - the +1 buckler "Sasonk" (worn) {Regen+ Str+2 Int+4}
   (You found it on level 4 of the Lair of Beasts)

   It affects your strength (+2).
   It affects your intelligence (+4).
   It increases your rate of regeneration.
 E - a +0 helmet (worn)
 G - a +0 pair of gloves (melded)
 K - a +1 robe of positive energy
   (You took it off an orc wizard on level 6 of the Dungeon)
Jewellery
 a - a +2 ring of protection
   (You found it on level 2 of the Snake Pit)
 p - a ring of magical power (right hand)
   (You found it on level 5 of the Dungeon)
 M - an amulet of magic regeneration (around neck)
   (You bought it in a shop on level 6 of the Dungeon)
 S - the ring "Osaithell" (left hand) {rC+ AC+4}
   (You found it on level 2 of the Swamp)

   [ring of protection]

   It affects your AC (+4).
   It protects you from cold.
 U - an uncursed ring of stealth
   (You found it on level 4 of the Snake Pit)
 W - an uncursed ring of wizardry
   (You found it on level 1 of the Dungeon)
 Z - an uncursed ring of flight
   (You found it on level 3 of the Snake Pit)
Wands
 o - a wand of flame (23)
 q - a wand of random effects (20)
 I - a wand of acid (1)
 L - a wand of digging (12)
Scrolls
 g - 3 scrolls of fog
 h - 2 scrolls of fear
 i - a scroll of random uselessness {unknown}
 l - 3 scrolls of teleportation
 m - 2 scrolls of immolation
 r - 4 scrolls of remove curse
 u - a scroll of enchant weapon
 w - a scroll of silence
 y - 2 scrolls of amnesia
 X - a scroll of magic mapping
Potions
 d - 3 potions of ambrosia
 j - a potion of mutation {!q}
 k - 2 potions of lignification
 F - 2 potions of heal wounds
 N - 5 potions of curing
 O - 3 potions of invisibility
 P - a potion of agility
 T - 2 potions of might
Books
 b - a book of Necromancy

   Spells                             Type                      Level
   a - Pain                           Necromancy                   1
   b - Animate Skeleton               Necromancy                   1
   c - Vampiric Draining              Necromancy                   3
   d - Regeneration                   Charms/Necromancy            3
   e - Animate Dead                   Necromancy                   4
   f - Borgnjor's Vile Clutch         Necromancy/Earth             5
 x - a book of Power
   (You found it on level 6 of the Dungeon)

   Spells                             Type                      Level
   a - Iskenderun's Battlesphere      Conjuration/Charms           5
   b - Venom Bolt                     Conjuration/Poison           5
   c - Bolt of Magma                  Conjuration/Fire/Earth       5
   d - Iron Shot                      Conjuration/Earth            6
   e - Orb of Destruction             Conjuration                  7
   f - Spellforged Servitor           Conjuration/Summoning        7
 A - the Guide on Moulding
   (You found it on level 6 of the Dungeon)

   Spells                             Type                      Level
   a - Ignite Poison                  Fire/Transmutation/Poison    3
   b - Ice Form                       Ice/Transmutation            4
   c - Petrify                        Transmutation/Earth          4
   d - Blade Hands                    Transmutation                5
 Q - a book of the Earth
   (You found it on level 2 of the Lair of Beasts)

   Spells                             Type                      Level
   a - Leda's Liquefaction            Hexes/Earth                  4
   b - Bolt of Magma                  Conjuration/Fire/Earth       5
   c - Statue Form                    Transmutation/Earth          6
   d - Iron Shot                      Conjuration/Earth            6
   e - Shatter                        Earth                        9
 R - a book of Misfortune
   (You found it on level 4 of the Lair of Beasts)

   Spells                             Type                      Level
   a - Confusing Touch                Hexes                        1
   b - Confuse                        Hexes                        3
   c - Gell's Gravitas                Translocation                3
   d - Petrify                        Transmutation/Earth          4
   e - Metabolic Englaciation         Hexes/Ice                    5
   f - Yara's Violent Unravelling     Hexes/Transmutation          5
 V - a book of Clouds
   (You found it on level 4 of the Snake Pit)

   Spells                             Type                      Level
   a - Poisonous Vapours              Poison/Air                   2
   b - Mephitic Cloud                 Conjuration/Poison/Air       3
   c - Conjure Flame                  Conjuration/Fire             3
   d - Freezing Cloud                 Conjuration/Ice/Air          6
   e - Ring of Flames                 Charms/Fire                  7
Comestibles
 c - 7 rations


   Skills:
 + Level 10.5 Fighting
 + Level 10.5 Short Blades
 + Level 10.5 Long Blades
 + Level 10.5 Axes
 + Level 10.5 Maces & Flails
 + Level 10.5 Polearms
 + Level 10.5 Staves
 + Level 10.5 Slings
 + Level 10.5 Bows
 + Level 10.5 Crossbows
 + Level 10.5 Throwing
 + Level 10.5 Armour
 + Level 11.4 Dodging
 + Level 11.2 Stealth
 + Level 10.5 Shields
 + Level 10.5 Unarmed Combat
 + Level 11.5 Spellcasting
 + Level 8.9 Conjurations
 + Level 8.9 Hexes
 + Level 8.9 Charms
 + Level 8.9 Summonings
 + Level 11.2 Necromancy
 + Level 8.9 Translocations
 + Level 8.9 Transmutations
 + Level 8.9 Fire Magic
 + Level 8.9 Ice Magic
 + Level 8.9 Air Magic
 + Level 8.9 Earth Magic
 + Level 8.9 Poison Magic
 + Level 11.4 Invocations
 + Level 10.5 Evocations


You had 10 spell levels left.
You knew the following spells:

 Your Spells              Type           Power        Failure   Level  Hunger
d - Vampiric Draining     Necr           #######...   1%          3    None
n - Animate Skeleton      Necr           N/A          0%          1    None
r - Regeneration          Chrm/Necr      #######...   1%          3    None
s - Statue Form           Tmut/Erth      #######..    4%          6    ###....
v - Borgnjor's Vile Clut  Necr/Erth      #######...   1%          5    None
F - Freezing Cloud        Conj/Ice/Air   #######...   4%          6    ###....
N - Animate Dead          Necr           N/A          1%          4    None


Dungeon Overview and Level Annotations

Branches:
Dungeon (8/15)             Temple (1/1) D:7            Lair (5/6) D:8
  Swamp (4/4) Lair:4        Snake (4/4) Lair:2        Slime (0/5) Lair:5

Altars:
Cheibriados
Dithmenos
Elyvilon
Gozag
Hepliaklqana
Okawaru
Qazlal
Uskayaw
Vehumet
Wu Jian

Shops:
D:6 =   Snake:2 *


Innate Abilities, Weirdness & Mutations

Your experience applies equally to all skills.
You have very sharp teeth.
Your uncanny sense of smell can sniff out nearby items.
((You are partially covered in slimy green scales. (AC +2)))
You passively map a small area around you.


Message History

Aim: a tentacled starspawn Decaying hands burst forth from the earth!
Zombie hands grab the tentacled starspawn.
Zombie hands grab the starspawn tentacle segment.
Zombie hands grab the starspawn tentacle.
The zombie hands constrict the tentacled starspawn!
The zombie hands constrict the starspawn tentacle!!
The zombie hands constrict the starspawn tentacle segment!
You destroy the starspawn tentacle!
The zombie hands lose their grip on the starspawn tentacle segment.
You hear some strange, mumbled words.
The tentacled starspawn misses you.
You block the tentacled starspawn's attack.
Unknown command.
Unknown command.
Unknown command.
You pulverise the tentacled starspawn!!!
You bite the tentacled starspawn.
The tentacled starspawn is almost destroyed.
The zombie hands constrict the tentacled starspawn!
You destroy the tentacled starspawn!
Cheibriados thoroughly appreciates the change of pace.
You hear a hideous shriek!
A tentacle flies out from the starspawn's body!
A lurking horror and a starspawn tentacle come into view.
You pummel the lurking horror!!
The lurking horror explodes!
Your body is wracked with pain!
You hear some strange, mumbled words.
A bolt of cold appears from out of thin air!
The bolt of cold misses you.
A spatial vortex comes into view.
Unknown command.
You can feel time thicken for a moment.
You feel somewhat more hungry.
The spatial vortex moves out of view.
The Tzitzimitl engulfs you.
The Tzitzimitl bites you but does no damage.
Something touches you!
The starspawn tentacle completely misses you.
Unknown command.
You miss something.
The Tzitzimitl engulfs you but does no damage.
The Tzitzimitl closely misses you.
The starspawn tentacle barely misses you.
Something touches you but does no damage.
The starspawn tentacle misses you. The Tzitzimitl barely misses you.
The Tzitzimitl bites you but does no damage.
Unknown command.
Casting: Borgnjor's Vile Clutch
Confirm with . or Enter, or press ? or * to list all spells.
Aiming: Borgnjor's Vile Clutch
Press: ? - help, Dir - move target cursor Decaying hands burst forth from the earth!
Zombie hands grab the starspawn tentacle segment. x3
Zombie hands grab the Tzitzimitl.
Zombie hands grab the starspawn tentacle. x2
The zombie hands constrict the starspawn tentacle.
The zombie hands constrict the Tzitzimitl!!
The zombie hands constrict the starspawn tentacle!!
The zombie hands constrict the starspawn tentacle segment!!
You destroy the starspawn tentacle segment!
The zombie hands lose their grip on the starspawn tentacle segment. x2
The zombie hands lose their grip on the starspawn tentacle.
Something closely misses you.
You block the starspawn tentacle's attack.
The Tzitzimitl calls on the powers of darkness!
Your body is wracked with pain!
* * * LOW HITPOINT WARNING * * *
Something touches you but does no damage.
The starspawn tentacle closely misses you.
Unknown command.
Unknown command.
You can feel time thicken for a moment.
You destroy the tentacled starspawn!
Cheibriados appreciates the change of pace.
The zombie hands lose their grip on the starspawn tentacle.
The starspawn's tentacles wither and die.
The spatial vortex dissipates!
You feel somewhat more hungry.
Cheibriados lowers the support of your attributes as your movement quickens.
The substance of the Abyss twists violently, and a gateway leading down appears!
The zombie hands constrict the Tzitzimitl!!
You block the Tzitzimitl's attack.
The Tzitzimitl bites you but does no damage.
Something misses you.
The Tzitzimitl calls on the powers of darkness!
Your body is wracked with pain!
* * * LOW HITPOINT WARNING * * *
Unknown command.
You can feel time thicken for a moment.
You kill the Tzitzimitl!
You feel somewhat more hungry.
Cheibriados lowers the support of your attributes as your movement quickens.
Something misses you. Something hits you but does no damage.
You hear some strange, mumbled words.
A lance of force appears from out of thin air!
The lance of force hits you!
* * * LOW HITPOINT WARNING * * *
You are knocked back by the lance of force.
You slam into the tree!
You die...

# . #... ## #. #
.... ......##.. ....
.# . .# ... .. .
.... #.. ## .# ##.
.. #..# #... .. .. #
#.####(§###### #. .
).. .
......{§..8♣#.#.## .
. ......[§.....# . #
..♣.....8......# #
...........#...###
.. ................#
.#..............♣.#
............♣...#..
....#∩#........♣####
∩ # .#.#∩#. .♣#


There were no monsters in sight!

Vanquished Creatures
  A lich (Abyss:3)
  Frances (Swamp:2)
  3 tentacled starspawn (Abyss:3)
  4 nagarajas (Snake:4)
  A draconian monk (Abyss:3)
  The ghost of Inarius the Gelid, an adept OpIE of Vehumet (Snake:2)
  A draconian knight (Abyss:3)
  A balrug (Abyss:3)
  A blizzard demon (Abyss:3)
  7 naga warriors
  11 hydras
  The ghost of kalagan the Thaumaturge, a journeyman DEFE of Vehumet (Lair:4)
  A ghost crab (Swamp:2)
  8 anacondas
  An alligator (Swamp:3)
  4 death yaks (Lair:4)
  A two-headed ogre (D:8)
  A thrashing horror (Abyss:3)
  5 shock serpents
  2 naga sharpshooters (Snake:4)
  3 wretched stars (Abyss:3)
  8 sea snakes
  A sixfirhy (Abyss:3)
  2 spatial maelstroms (Abyss:3)
  2 shambling mangroves (Swamp:4)
  A glowing orange brain (Abyss:3)
  2 starcursed masses (Abyss:3)
  5 swamp dragons
  2 naga ritualists (Snake:4)
  An obsidian statue (Snake:1)
  4 mana vipers
  Pikel (D:8)
  2 draconians (Abyss:3)
  5 salamanders
  An apocalypse crab (Abyss:3)
  4 elephants (Lair:3)
  9 black mambas
  7 guardian serpents
  A rust devil (Abyss:3)
  7 naga magi
  7 spiny frogs
  2 tyrant leeches
  A hornet (Swamp:3)
  3 raiju (Abyss:3)
  A dream sheep (Lair:4)
  3 blink frogs (Lair:2)
  A bog body (Swamp:3)
  A hippogriff (D:6)
  2 basilisks (Lair:4)
  A golden eye (Abyss:3)
  8 yaks (Lair:4)
  2 large abominations (Abyss:3)
  4 vampire mosquitoes (Swamp:1)
  3 spatial vortices (Abyss:3)
  6 insubstantial wisps (Swamp:3)
  24 nagas
  8 swamp worms
  4 water moccasins (Lair:2)
  Duvessa (D:6)
  A porcupine (Lair:1)
  3 swamp drakes
  3 slaves (D:8)
  2 sky beasts (D:8)
  A black bear (D:8)
  An ice beast (D:6)
  2 eyes of draining
  3 ogres
  3 small abominations (Abyss:3)
  2 centaurs
  8 wolves
  5 crocodiles
  5 bullfrogs
  An earth elemental (Abyss:3)
  A scorpion (Lair:4)
  Dowan (D:6)
  2 electric eels (Snake:2)
  4 crimson imps
  6 jellies
  An orc priest (D:8)
  10 orc wizards
  Ijyb (D:5)
  4 worker ants
  2 killer bee zombies (D:8)
  2 hound skeletons
  A worker ant zombie (D:7)
  8 gnolls
  5 adders
  2 shadow imps
  An ooze (Lair:5)
  2 leopard geckos
  15 orcs
  4 giant cockroaches
  2 goblins
  A hobgoblin (D:1)
  5 jackals
  2 kobolds
  A quokka skeleton (D:7)
  A rat (D:1)
  A lurking horror (Abyss:3)
  A plant (Lair:4)
  2 starspawn tentacles (Abyss:3)
334 creatures vanquished.

Vanquished Creatures (collateral kills)
  5 nagarajas (Snake:4)
  2 hydras (Swamp:4)
  A naga warrior (Snake:4)
  A naga sharpshooter (Snake:4)
  4 sea snakes (Snake:4)
  2 lindwurms (Swamp:4)
  4 swamp dragons
  3 naga magi (Snake:4)
  A bog body (Swamp:4)
  2 blink frogs (Lair:2)
  4 dream sheep (Lair:4)
  2 yaks (Lair:4)
  2 basilisks (Lair:4)
  A vampire mosquito (Swamp:1)
  10 nagas (Snake:4)
  A water moccasin (Lair:1)
  6 swamp drakes (Swamp:4)
  2 wolves (Lair:2)
  2 crocodiles
  2 orc wizards (D:8)
  A worker ant (D:8)
  A worker ant zombie (D:7)
  A plant (Lair:4)
60 creatures vanquished.

Vanquished Creatures (others)
  2 hydras (Swamp:2)
  A lindwurm (Swamp:4)
  A draconian (Abyss:3)
  A spiny frog (Lair:5)
  2 hornets (Swamp:4)
  A swamp worm (Swamp:2)
  2 fungi (Lair:4)
  A plant (Lair:2)
  5 starspawn tentacles (Abyss:3)
16 creatures vanquished.

Grand Total: 410 creatures vanquished

Notes
Turn   | Place    | Note
-------+----------+-------------------------------------------
     0 | D:1      | tidbits the Gnoll Necromancer began the quest for the Orb.
     0 | D:1      | Reached XP level 1. HP: 13/13 MP: 6/6
    29 | D:1      | You fall through a shaft!
   121 | D:1      | Reached XP level 2. HP: 15/19 MP: 3/7
   128 | D:1      | Learned a level 1 spell: Animate Skeleton
   214 | D:5      | Entered Level 5 of the Dungeon
   224 | D:4      | Found a radiant altar of Vehumet.
   290 | D:5      | Reached skill level 5 in Spellcasting
   290 | D:5      | Reached XP level 3. HP: 12/25 MP: 4/9
   295 | D:5      | Learned a level 3 spell: Regeneration
   300 | D:5      | Learned a level 3 spell: Vampiric Draining
   306 | D:5      | Found an ornate altar of the Wu Jian Council.
   334 | D:5      | Found a stormy altar of Qazlal.
   338 | D:5      | HP: 2/25 [poisoned by an adder]
   412 | D:5      | Found an iron altar of Okawaru.
   413 | D:5      | Noticed a centaur
   422 | D:5      | Killed a centaur
   422 | D:5      | Reached skill level 1 in Fighting
   422 | D:5      | Reached skill level 1 in Short Blades
   422 | D:5      | Reached skill level 1 in Long Blades
   422 | D:5      | Reached skill level 1 in Axes
   422 | D:5      | Reached skill level 1 in Maces & Flails
   422 | D:5      | Reached skill level 1 in Polearms
   422 | D:5      | Reached skill level 1 in Staves
   422 | D:5      | Reached skill level 1 in Slings
   422 | D:5      | Reached skill level 1 in Bows
   422 | D:5      | Reached skill level 1 in Crossbows
   422 | D:5      | Reached skill level 1 in Throwing
   422 | D:5      | Reached skill level 1 in Armour
   422 | D:5      | Reached skill level 1 in Shields
   422 | D:5      | Reached skill level 1 in Unarmed Combat
   422 | D:5      | Reached skill level 1 in Conjurations
   422 | D:5      | Reached skill level 1 in Hexes
   422 | D:5      | Reached skill level 1 in Charms
   422 | D:5      | Reached skill level 1 in Summonings
   422 | D:5      | Reached skill level 1 in Translocations
   422 | D:5      | Reached skill level 1 in Transmutations
   422 | D:5      | Reached skill level 1 in Fire Magic
   422 | D:5      | Reached skill level 1 in Ice Magic
   422 | D:5      | Reached skill level 1 in Air Magic
   422 | D:5      | Reached skill level 1 in Earth Magic
   422 | D:5      | Reached skill level 1 in Poison Magic
   422 | D:5      | Reached skill level 1 in Invocations
   422 | D:5      | Reached skill level 1 in Evocations
   422 | D:5      | Reached XP level 4. HP: 21/32 MP: 9/11
   422 | D:5      | Reached XP level 5. HP: 25/37 MP: 9/12
   495 | D:5      | Reached XP level 6. HP: 38/44 MP: 2/13
   503 | D:5      | Learned a level 5 spell: Borgnjor's Vile Clutch
   529 | D:5      | Noticed Ijyb
   571 | D:5      | Killed Ijyb
   571 | D:5      | Reached skill level 2 in Invocations
   667 | D:6      | Found Uhedghounk's Jewellery Shoppe.
   672 | D:6      | Noticed Duvessa
   690 | D:6      | Reached skill level 2 in Fighting
   690 | D:6      | Reached skill level 2 in Short Blades
   690 | D:6      | Reached skill level 2 in Long Blades
   690 | D:6      | Reached skill level 2 in Axes
   690 | D:6      | Reached skill level 2 in Maces & Flails
   690 | D:6      | Reached skill level 2 in Polearms
   690 | D:6      | Reached skill level 2 in Staves
   690 | D:6      | Reached skill level 2 in Slings
   690 | D:6      | Reached skill level 2 in Bows
   690 | D:6      | Reached skill level 2 in Crossbows
   690 | D:6      | Reached skill level 2 in Throwing
   690 | D:6      | Reached skill level 2 in Armour
   690 | D:6      | Reached skill level 5 in Dodging
   690 | D:6      | Reached skill level 2 in Shields
   690 | D:6      | Reached skill level 2 in Unarmed Combat
   690 | D:6      | Reached skill level 2 in Evocations
   746 | D:6      | Noticed an ice beast
   752 | D:6      | Killed an ice beast
   752 | D:6      | Reached XP level 7. HP: 50/50 MP: 11/15
   817 | D:6      | Reached skill level 2 in Conjurations
   817 | D:6      | Reached skill level 2 in Hexes
   817 | D:6      | Reached skill level 2 in Charms
   817 | D:6      | Reached skill level 2 in Summonings
   817 | D:6      | Reached skill level 2 in Translocations
   817 | D:6      | Reached skill level 2 in Transmutations
   817 | D:6      | Reached skill level 2 in Fire Magic
   817 | D:6      | Reached skill level 2 in Ice Magic
   817 | D:6      | Reached skill level 2 in Air Magic
   817 | D:6      | Reached skill level 2 in Earth Magic
   817 | D:6      | Reached skill level 2 in Poison Magic
   833 | D:6      | Found a hide-covered altar of Uskayaw.
   852 | D:7      | Reached skill level 5 in Stealth
   871 | D:7      | Found a staircase to the Ecumenical Temple.
   877 | Temple   | Entered the Ecumenical Temple
   921 | Temple   | Became a worshipper of Cheibriados the Contemplative
   966 | D:7      | Reached skill level 3 in Invocations
   993 | D:7      | Reached XP level 8. HP: 57/57 MP: 8/16
   993 | D:7      | Reached skill level 3 in Fighting
   993 | D:7      | Reached skill level 3 in Short Blades
   993 | D:7      | Reached skill level 3 in Long Blades
   993 | D:7      | Reached skill level 3 in Axes
   993 | D:7      | Reached skill level 3 in Maces & Flails
   993 | D:7      | Reached skill level 3 in Polearms
   993 | D:7      | Reached skill level 3 in Staves
   993 | D:7      | Reached skill level 3 in Slings
   993 | D:7      | Reached skill level 3 in Bows
   993 | D:7      | Reached skill level 3 in Crossbows
   993 | D:7      | Reached skill level 3 in Throwing
   993 | D:7      | Reached skill level 3 in Armour
   993 | D:7      | Reached skill level 3 in Shields
   993 | D:7      | Reached skill level 3 in Unarmed Combat
   993 | D:7      | Reached skill level 3 in Evocations
  1019 | D:6      | Noticed Dowan
  1026 | D:6      | Killed Dowan
  1026 | D:6      | Killed Duvessa
  1026 | D:6      | Reached skill level 6 in Spellcasting
  1036 | D:6      | Noticed a hippogriff
  1046 | D:6      | Killed a hippogriff
  1064 | D:6      | Identified the Guide on Moulding
  1136 | D:7      | Reached * piety under Cheibriados
  1269 | D:8      | Reached skill level 4 in Invocations
  1270 | D:8      | Reached skill level 3 in Conjurations
  1270 | D:8      | Reached skill level 3 in Hexes
  1270 | D:8      | Reached skill level 3 in Charms
  1270 | D:8      | Reached skill level 3 in Summonings
  1270 | D:8      | Reached skill level 3 in Translocations
  1270 | D:8      | Reached skill level 3 in Transmutations
  1270 | D:8      | Reached skill level 3 in Fire Magic
  1270 | D:8      | Reached skill level 3 in Ice Magic
  1270 | D:8      | Reached skill level 3 in Air Magic
  1270 | D:8      | Reached skill level 3 in Earth Magic
  1270 | D:8      | Reached skill level 3 in Poison Magic
  1270 | D:8      | Reached XP level 9. HP: 63/65 MP: 18/18
  1311 | D:8      | Reached skill level 6 in Dodging
  1400 | D:8      | Reached skill level 4 in Fighting
  1400 | D:8      | Reached skill level 4 in Short Blades
  1400 | D:8      | Reached skill level 4 in Long Blades
  1400 | D:8      | Reached skill level 4 in Axes
  1400 | D:8      | Reached skill level 4 in Maces & Flails
  1400 | D:8      | Reached skill level 4 in Polearms
  1400 | D:8      | Reached skill level 4 in Staves
  1400 | D:8      | Reached skill level 4 in Slings
  1400 | D:8      | Reached skill level 4 in Bows
  1400 | D:8      | Reached skill level 4 in Crossbows
  1400 | D:8      | Reached skill level 4 in Throwing
  1400 | D:8      | Reached skill level 4 in Armour
  1400 | D:8      | Reached skill level 4 in Shields
  1400 | D:8      | Reached skill level 4 in Unarmed Combat
  1400 | D:8      | Reached skill level 4 in Evocations
  1458 | D:8      | Noticed Pikel
  1468 | D:8      | Killed Pikel
  1468 | D:8      | Reached skill level 6 in Stealth
  1468 | D:8      | Reached skill level 8 in Necromancy
  1479 | D:8      | Reached ** piety under Cheibriados
  1510 | D:8      | Noticed a two-headed ogre
  1513 | D:8      | Killed a two-headed ogre
  1513 | D:8      | Reached skill level 5 in Invocations
  1523 | D:8      | Found a staircase to the Lair.
  1546 | Lair:1   | Entered Level 1 of the Lair of Beasts
  1550 | Lair:1   | Reached XP level 10. HP: 66/73 MP: 8/20
  1564 | Lair:1   | Reached skill level 7 in Spellcasting
  1588 | Lair:2   | Reached skill level 4 in Conjurations
  1588 | Lair:2   | Reached skill level 4 in Hexes
  1588 | Lair:2   | Reached skill level 4 in Charms
  1588 | Lair:2   | Reached skill level 4 in Summonings
  1588 | Lair:2   | Reached skill level 4 in Translocations
  1588 | Lair:2   | Reached skill level 4 in Transmutations
  1588 | Lair:2   | Reached skill level 4 in Fire Magic
  1588 | Lair:2   | Reached skill level 4 in Ice Magic
  1588 | Lair:2   | Reached skill level 4 in Air Magic
  1588 | Lair:2   | Reached skill level 4 in Earth Magic
  1588 | Lair:2   | Reached skill level 4 in Poison Magic
  1624 | Lair:2   | Noticed a spiny frog
  1626 | Lair:2   | Noticed an eight-headed hydra
  1631 | Lair:2   | Reached skill level 5 in Fighting
  1631 | Lair:2   | Reached skill level 5 in Short Blades
  1631 | Lair:2   | Reached skill level 5 in Long Blades
  1631 | Lair:2   | Reached skill level 5 in Axes
  1631 | Lair:2   | Reached skill level 5 in Maces & Flails
  1631 | Lair:2   | Reached skill level 5 in Polearms
  1631 | Lair:2   | Reached skill level 5 in Staves
  1631 | Lair:2   | Reached skill level 5 in Slings
  1631 | Lair:2   | Reached skill level 5 in Bows
  1631 | Lair:2   | Reached skill level 5 in Crossbows
  1631 | Lair:2   | Reached skill level 5 in Throwing
  1631 | Lair:2   | Reached skill level 5 in Armour
  1631 | Lair:2   | Reached skill level 5 in Shields
  1631 | Lair:2   | Reached skill level 5 in Unarmed Combat
  1631 | Lair:2   | Reached skill level 5 in Evocations
  1635 | Lair:2   | Killed a spiny frog
  1639 | Lair:2   | Killed an eight-headed hydra
  1639 | Lair:2   | Reached skill level 7 in Dodging
  1645 | Lair:2   | Learned a level 4 spell: Animate Dead
  1697 | Lair:1   | Noticed a four-headed hydra
  1707 | Lair:1   | Killed a four-headed hydra
  1707 | Lair:1   | Reached skill level 7 in Stealth
  1707 | Lair:1   | Reached skill level 6 in Invocations
  1717 | Lair:1   | You fall through a shaft!
  1732 | Lair:2   | Reached *** piety under Cheibriados
  1773 | Lair:2   | HP: 6/75 [wolf (8)]
  1805 | Lair:2   | Learned a level 6 spell: Statue Form
  1815 | Lair:2   | Gained mutation: You passively map a small area around you. [potion of mutation]
  1815 | Lair:2   | Gained mutation: You are partially covered in slimy green scales. (AC +2) [potion of mutation]
  1815 | Lair:2   | Gained mutation: Your spells are a little harder to cast, but a little more powerful. [potion of mutation]
  1815 | Lair:2   | Gained mutation: Your muscles are strong. (Str +2) [potion of mutation]
  1844 | Lair:3   | Noticed an elephant
  1844 | Lair:3   | Noticed an elephant
  1844 | Lair:3   | Noticed an elephant
  1844 | Lair:3   | Noticed an elephant
  1844 | Lair:3   | Noticed a black mamba
  1849 | Lair:2   | Reached XP level 11. HP: 79/81 MP: 22/22
  1940 | Lair:4   | Noticed a death yak
  1941 | Lair:4   | Noticed a death yak
  1943 | Lair:4   | Noticed a death yak
  1944 | Lair:4   | Noticed a death yak
  1949 | Lair:4   | Killed a death yak
  1950 | Lair:4   | Killed a death yak
  1950 | Lair:4   | Reached skill level 6 in Fighting
  1950 | Lair:4   | Reached skill level 6 in Short Blades
  1950 | Lair:4   | Reached skill level 6 in Long Blades
  1950 | Lair:4   | Reached skill level 6 in Axes
  1950 | Lair:4   | Reached skill level 6 in Maces & Flails
  1950 | Lair:4   | Reached skill level 6 in Polearms
  1950 | Lair:4   | Reached skill level 6 in Staves
  1950 | Lair:4   | Reached skill level 6 in Slings
  1950 | Lair:4   | Reached skill level 6 in Bows
  1950 | Lair:4   | Reached skill level 6 in Crossbows
  1950 | Lair:4   | Reached skill level 6 in Throwing
  1950 | Lair:4   | Reached skill level 6 in Armour
  1950 | Lair:4   | Reached skill level 6 in Shields
  1950 | Lair:4   | Reached skill level 6 in Unarmed Combat
  1950 | Lair:4   | Reached skill level 5 in Conjurations
  1950 | Lair:4   | Reached skill level 5 in Hexes
  1950 | Lair:4   | Reached skill level 5 in Charms
  1950 | Lair:4   | Reached skill level 5 in Summonings
  1950 | Lair:4   | Reached skill level 5 in Translocations
  1950 | Lair:4   | Reached skill level 5 in Transmutations
  1950 | Lair:4   | Reached skill level 5 in Fire Magic
  1950 | Lair:4   | Reached skill level 5 in Ice Magic
  1950 | Lair:4   | Reached skill level 5 in Air Magic
  1950 | Lair:4   | Reached skill level 5 in Earth Magic
  1950 | Lair:4   | Reached skill level 5 in Poison Magic
  1950 | Lair:4   | Reached skill level 6 in Evocations
  1950 | Lair:4   | Killed a death yak
  1950 | Lair:4   | Reached skill level 8 in Spellcasting
  1952 | Lair:4   | Killed a death yak
  2025 | Lair:4   | Reached skill level 9 in Necromancy
  2025 | Lair:4   | Reached skill level 7 in Invocations
  2029 | Lair:4   | Reached **** piety under Cheibriados
  2029 | Lair:4   | Reached skill level 8 in Dodging
  2084 | Lair:4   | Noticed kalagan's ghost (journeyman DEFE)
  2096 | Lair:4   | Killed kalagan's ghost
  2111 | Lair:4   | Got a scorched buckler
  2118 | Lair:4   | Identified the +1 buckler "Sasonk" {Regen+ Str+2 Int+4} (You found it on level 4 of the Lair of Beasts)
  2137 | Lair:4   | Reached skill level 8 in Stealth
  2137 | Lair:4   | Reached XP level 12. HP: 72/89 MP: 24/24
  2154 | Lair:4   | Found a staircase to the Swamp.
  2168 | Swamp:1  | Entered Level 1 of the Swamp
  2187 | Swamp:1  | Noticed a seven-headed hydra
  2192 | Swamp:1  | Killed a seven-headed hydra
  2255 | Swamp:3  | Noticed a seven-headed hydra
  2259 | Swamp:3  | Killed a seven-headed hydra
  2277 | Swamp:3  | Reached skill level 7 in Fighting
  2277 | Swamp:3  | Reached skill level 7 in Short Blades
  2277 | Swamp:3  | Reached skill level 7 in Long Blades
  2277 | Swamp:3  | Reached skill level 7 in Axes
  2277 | Swamp:3  | Reached skill level 7 in Maces & Flails
  2277 | Swamp:3  | Reached skill level 7 in Polearms
  2277 | Swamp:3  | Reached skill level 7 in Staves
  2277 | Swamp:3  | Reached skill level 7 in Slings
  2277 | Swamp:3  | Reached skill level 7 in Bows
  2277 | Swamp:3  | Reached skill level 7 in Crossbows
  2277 | Swamp:3  | Reached skill level 7 in Throwing
  2277 | Swamp:3  | Reached skill level 7 in Armour
  2277 | Swamp:3  | Reached skill level 7 in Shields
  2277 | Swamp:3  | Reached skill level 7 in Unarmed Combat
  2277 | Swamp:3  | Reached skill level 7 in Evocations
  2292 | Swamp:3  | Reached ***** piety under Cheibriados
  2302 | Swamp:4  | Entered Level 4 of the Swamp
  2305 | Swamp:4  | Noticed an eight-headed hydra
  2309 | Swamp:4  | Killed an eight-headed hydra
  2311 | Swamp:4  | Noticed a six-headed hydra
  2314 | Swamp:4  | Reached skill level 6 in Conjurations
  2314 | Swamp:4  | Reached skill level 6 in Hexes
  2314 | Swamp:4  | Reached skill level 6 in Charms
  2314 | Swamp:4  | Reached skill level 6 in Summonings
  2314 | Swamp:4  | Reached skill level 6 in Translocations
  2314 | Swamp:4  | Reached skill level 6 in Transmutations
  2314 | Swamp:4  | Reached skill level 6 in Fire Magic
  2314 | Swamp:4  | Reached skill level 6 in Ice Magic
  2314 | Swamp:4  | Reached skill level 6 in Air Magic
  2314 | Swamp:4  | Reached skill level 6 in Earth Magic
  2314 | Swamp:4  | Reached skill level 6 in Poison Magic
  2317 | Swamp:4  | Reached skill level 8 in Invocations
  2319 | Swamp:4  | Noticed a six-headed hydra
  2319 | Swamp:4  | Reached skill level 9 in Spellcasting
  2319 | Swamp:4  | Killed a six-headed hydra
  2324 | Swamp:4  | Killed a six-headed hydra
  2331 | Swamp:4  | Noticed a four-headed hydra
  2334 | Swamp:4  | Noticed a six-headed hydra
  2337 | Swamp:4  | Killed a four-headed hydra
  2337 | Swamp:4  | Reached skill level 9 in Dodging
  2338 | Swamp:4  | Killed a six-headed hydra
  2342 | Swamp:4  | Reached XP level 13. HP: 98/98 MP: 14/26
  2349 | Swamp:4  | Reached skill level 9 in Stealth
  2383 | Swamp:4  | Got a decaying rune of Zot
  2434 | Swamp:3  | Reached skill level 8 in Fighting
  2434 | Swamp:3  | Reached skill level 8 in Short Blades
  2434 | Swamp:3  | Reached skill level 8 in Long Blades
  2434 | Swamp:3  | Reached skill level 8 in Axes
  2434 | Swamp:3  | Reached skill level 8 in Maces & Flails
  2434 | Swamp:3  | Reached skill level 8 in Polearms
  2434 | Swamp:3  | Reached skill level 8 in Staves
  2434 | Swamp:3  | Reached skill level 8 in Slings
  2434 | Swamp:3  | Reached skill level 8 in Bows
  2434 | Swamp:3  | Reached skill level 8 in Crossbows
  2434 | Swamp:3  | Reached skill level 8 in Throwing
  2434 | Swamp:3  | Reached skill level 8 in Armour
  2434 | Swamp:3  | Reached skill level 8 in Shields
  2434 | Swamp:3  | Reached skill level 8 in Unarmed Combat
  2434 | Swamp:3  | Reached skill level 8 in Evocations
  2486 | Swamp:2  | Lost mutation: Your muscles are strong. (Str +2) [mutagenic glow]
  2502 | Swamp:1  | Lost mutation: Your spells are a little harder to cast, but a little more powerful. [mutagenic glow]
  2517 | Swamp:2  | Noticed Frances
  2521 | Swamp:2  | Killed Frances
  2521 | Swamp:2  | Reached skill level 9 in Invocations
  2544 | Swamp:2  | Got a glittering steel ring
  2546 | Swamp:2  | Identified the ring "Osaithell" {rC+ AC+4} (You found it on level 2 of the Swamp)
  2594 | Lair:4   | Reached skill level 10 in Necromancy
  2753 | Lair:3   | Reached skill level 7 in Conjurations
  2753 | Lair:3   | Reached skill level 7 in Hexes
  2753 | Lair:3   | Reached skill level 7 in Charms
  2753 | Lair:3   | Reached skill level 7 in Summonings
  2753 | Lair:3   | Reached skill level 7 in Translocations
  2753 | Lair:3   | Reached skill level 7 in Transmutations
  2753 | Lair:3   | Reached skill level 7 in Fire Magic
  2753 | Lair:3   | Reached skill level 7 in Ice Magic
  2753 | Lair:3   | Reached skill level 7 in Air Magic
  2753 | Lair:3   | Reached skill level 7 in Earth Magic
  2753 | Lair:3   | Reached skill level 7 in Poison Magic
  2881 | D:6      | Bought an uncursed amulet of magic regeneration for 390 gold pieces
  2978 | Lair:2   | Found an iron altar of Okawaru.
  2998 | Lair:2   | Found a staircase to the Snake Pit.
  3007 | Snake:1  | Entered Level 1 of the Snake Pit
  3023 | Snake:2  | Noticed Inarius's ghost (adept OpIE)
  3028 | Snake:2  | Killed Inarius's ghost
  3079 | Snake:3  | Reached skill level 10 in Spellcasting
  3091 | Snake:4  | Entered Level 4 of the Snake Pit
  3105 | Snake:4  | Reached XP level 14. HP: 106/106 MP: 28/28
  3132 | Snake:4  | Reached skill level 10 in Dodging
  3146 | Snake:4  | Noticed a nagaraja
  3206 | Snake:4  | Reached skill level 9 in Fighting
  3206 | Snake:4  | Reached skill level 9 in Short Blades
  3206 | Snake:4  | Reached skill level 9 in Long Blades
  3206 | Snake:4  | Reached skill level 9 in Axes
  3206 | Snake:4  | Reached skill level 9 in Maces & Flails
  3206 | Snake:4  | Reached skill level 9 in Polearms
  3206 | Snake:4  | Reached skill level 9 in Staves
  3206 | Snake:4  | Reached skill level 9 in Slings
  3206 | Snake:4  | Reached skill level 9 in Bows
  3206 | Snake:4  | Reached skill level 9 in Crossbows
  3206 | Snake:4  | Reached skill level 9 in Throwing
  3206 | Snake:4  | Reached skill level 9 in Armour
  3206 | Snake:4  | Reached skill level 9 in Shields
  3206 | Snake:4  | Reached skill level 9 in Unarmed Combat
  3206 | Snake:4  | Reached skill level 9 in Evocations
  3225 | Snake:4  | Reached skill level 10 in Stealth
  3251 | Snake:4  | Noticed a nagaraja
  3261 | Snake:4  | Reached skill level 10 in Invocations
  3275 | Snake:4  | Killed a nagaraja
  3280 | Snake:4  | Reached ****** piety under Cheibriados
  3287 | Snake:4  | Noticed a nagaraja
  3295 | Snake:4  | Reached skill level 8 in Conjurations
  3295 | Snake:4  | Reached skill level 8 in Hexes
  3295 | Snake:4  | Reached skill level 8 in Charms
  3295 | Snake:4  | Reached skill level 8 in Summonings
  3295 | Snake:4  | Reached skill level 8 in Translocations
  3295 | Snake:4  | Reached skill level 8 in Transmutations
  3295 | Snake:4  | Reached skill level 8 in Fire Magic
  3295 | Snake:4  | Reached skill level 8 in Ice Magic
  3295 | Snake:4  | Reached skill level 8 in Air Magic
  3295 | Snake:4  | Reached skill level 8 in Earth Magic
  3295 | Snake:4  | Reached skill level 8 in Poison Magic
  3296 | Snake:4  | Killed a nagaraja
  3296 | Snake:4  | Reached XP level 15. HP: 61/114 MP: 8/29
  3317 | Snake:4  | Noticed a nagaraja
  3317 | Snake:4  | Noticed a nagaraja
  3318 | Snake:4  | Killed a nagaraja
  3321 | Snake:4  | Noticed a nagaraja
  3324 | Snake:4  | Killed a nagaraja
  3327 | Snake:4  | Killed a nagaraja
  3329 | Snake:4  | Noticed a nagaraja
  3330 | Snake:4  | Noticed a nagaraja
  3332 | Snake:4  | Noticed a nagaraja
  3332 | Snake:4  | Noticed a nagaraja
  3335 | Snake:4  | Killed a nagaraja
  3335 | Snake:4  | Killed a nagaraja
  3335 | Snake:4  | Killed a nagaraja
  3335 | Snake:4  | Reached skill level 11 in Spellcasting
  3335 | Snake:4  | Killed a nagaraja
  3343 | Snake:4  | Got a serpentine rune of Zot
  3419 | Snake:2  | Found Gatoruim's General Store.
  3444 | Snake:2  | Reached skill level 10 in Fighting
  3444 | Snake:2  | Reached skill level 10 in Short Blades
  3444 | Snake:2  | Reached skill level 10 in Long Blades
  3444 | Snake:2  | Reached skill level 10 in Axes
  3444 | Snake:2  | Reached skill level 10 in Maces & Flails
  3444 | Snake:2  | Reached skill level 10 in Polearms
  3444 | Snake:2  | Reached skill level 10 in Staves
  3444 | Snake:2  | Reached skill level 10 in Slings
  3444 | Snake:2  | Reached skill level 10 in Bows
  3444 | Snake:2  | Reached skill level 10 in Crossbows
  3444 | Snake:2  | Reached skill level 10 in Throwing
  3444 | Snake:2  | Reached skill level 10 in Armour
  3444 | Snake:2  | Reached skill level 10 in Shields
  3444 | Snake:2  | Reached skill level 10 in Unarmed Combat
  3444 | Snake:2  | Reached skill level 10 in Evocations
  3507 | Snake:2  | Reached skill level 11 in Dodging
  3560 | Snake:2  | Reached skill level 11 in Necromancy
  3674 | Lair:5   | Found a staircase to the Slime Pits.
  3716 | Lair:5   | Learned a level 6 spell: Freezing Cloud
  3732 | Lair:5   | Cast into level 3 of the Abyss (a distortion unwield)
  3732 | Abyss:3  | Found a corrupted altar of Lugonu.
  3801 | Abyss:3  | Reached skill level 11 in Invocations
  3957 | Abyss:3  | Noticed a lich
  3963 | Abyss:3  | Killed a lich
  3974 | Abyss:3  | Reached skill level 11 in Stealth
  3982 | Abyss:3  | Found a corrupted altar of Lugonu.
  3983 | Abyss:3  | Noticed a tentacled starspawn
  4006 | Abyss:3  | Killed a tentacled starspawn
  4058 | Abyss:3  | Noticed a black draconian knight
  4059 | Abyss:3  | Noticed a green draconian monk
  4061 | Abyss:3  | Noticed a balrug
  4062 | Abyss:3  | Killed a black draconian knight
  4062 | Abyss:3  | Reached XP level 16. HP: 123/123 MP: 31/31
  4065 | Abyss:3  | Killed a green draconian monk
  4069 | Abyss:3  | Noticed an ancient lich
  4073 | Abyss:3  | Noticed a tentacled starspawn
  4073 | Abyss:3  | Noticed a tentacled starspawn
  4075 | Abyss:3  | Noticed a Tzitzimitl
  4075 | Abyss:3  | Killed a tentacled starspawn
  4080 | Abyss:3  | Killed a tentacled starspawn
  4081 | Abyss:3  | HP: 13/159 [something/lance of force (41)]
  4081 | Abyss:3  | Collided with a tree

Skill      XL: |  1  2  3  4  5  6  7  8  9 10 11 12 13 14 15 |
---------------+----------------------------------------------+-----
Spellcasting   | 5 6 7 8 9 10 11 | 11.5
Fighting       | 1 2 3 4 5 6 7 8 9 10 | 10.5
Short Blades   | 1 2 3 4 5 6 7 8 9 10 | 10.5
Long Blades    | 1 2 3 4 5 6 7 8 9 10 | 10.5
Axes           | 1 2 3 4 5 6 7 8 9 10 | 10.5
Maces & Flails | 1 2 3 4 5 6 7 8 9 10 | 10.5
Polearms       | 1 2 3 4 5 6 7 8 9 10 | 10.5
Staves         | 1 2 3 4 5 6 7 8 9 10 | 10.5
Slings         | 1 2 3 4 5 6 7 8 9 10 | 10.5
Bows           | 1 2 3 4 5 6 7 8 9 10 | 10.5
Crossbows      | 1 2 3 4 5 6 7 8 9 10 | 10.5
Throwing       | 1 2 3 4 5 6 7 8 9 10 | 10.5
Armour         | 1 2 3 4 5 6 7 8 9 10 | 10.5
Shields        | 1 2 3 4 5 6 7 8 9 10 | 10.5
Unarmed Combat | 1 2 3 4 5 6 7 8 9 10 | 10.5
Conjurations   | 1 2 3 4 5 6 7 8 |  8.9
Hexes          | 1 2 3 4 5 6 7 8 |  8.9
Charms         | 1 2 3 4 5 6 7 8 |  8.9
Summonings     | 1 2 3 4 5 6 7 8 |  8.9
Translocations | 1 2 3 4 5 6 7 8 |  8.9
Transmutations | 1 2 3 4 5 6 7 8 |  8.9
Fire Magic     | 1 2 3 4 5 6 7 8 |  8.9
Ice Magic      | 1 2 3 4 5 6 7 8 |  8.9
Air Magic      | 1 2 3 4 5 6 7 8 |  8.9
Earth Magic    | 1 2 3 4 5 6 7 8 |  8.9
Poison Magic   | 1 2 3 4 5 6 7 8 |  8.9
Invocations    | 1 2 3 4 5 6 7 8 9 10 11 | 11.4
Evocations     | 1 2 3 4 5 6 7 8 9 10 | 10.5
Dodging        | 5 6 7 8 9 10 11 | 11.4
Stealth        | 5 6 7 8 9 10 11 | 11.2
Necromancy     | 8 9 10 11 | 11.2

Action                   |  1- 3 |  4- 6 |  7- 9 | 10-12 | 13-15 | 16-18 || total
-------------------------+-------+-------+-------+-------+-------+-------++-------
Melee: Long sword        |    10 |    21 |       |     2 |       |       ||    33
       Bite              |       |     1 |    15 |    32 |    24 |     3 ||    75
       Dagger            |       |     8 |       |       |     2 |       ||    10
       Lajatang          |       |     3 |   108 |    73 |       |       ||   184
       Unarmed           |       |       |       |    54 |   122 |    12 ||   188
Throw: Tomahawk          |       |       |     2 |     4 |     5 |       ||    11
 Cast: Pain              |    19 |    16 |     3 |       |       |       ||    38
       Regeneration      |     1 |     2 |     6 |     6 |    10 |       ||    25
       Animate Skeleton  |     1 |       |     7 |    11 |     4 |       ||    23
       Borgnjor's Vile C |       |     4 |    16 |    27 |    73 |     3 ||   123
       Animate Dead      |       |       |       |     6 |     6 |       ||    12
       Statue Form       |       |       |       |     7 |    35 |       ||    42
Invok: Slouch            |       |       |       |       |     6 |     5 ||    11
 Abil: End Transformatio |       |       |       |       |     2 |       ||     2
Evoke: Wand              |     3 |     1 |       |    11 |     9 |       ||    24
  Use: Scroll            |     1 |       |     1 |    13 |     9 |       ||    24
       Potion            |     3 |       |     1 |     1 |       |       ||     5
 Stab: Sleeping          |     2 |     5 |     2 |     3 |     6 |       ||    18
       Distracted        |       |       |       |     2 |     3 |     1 ||     6
  Eat: Chunk             |       |       |     8 |     6 |     1 |       ||    15
       Ration            |       |       |       |     1 |     3 |       ||     4
Armor: Robe              |     4 |     7 |    24 |       |       |       ||    35
       Leather armour    |       |       |    11 |    14 |     9 |       ||    34
       Skin              |       |       |       |   110 |   167 |    11 ||   288
Dodge: Dodged            |    17 |    30 |   120 |   239 |   440 |    22 ||   868
Block: Buckler           |       |       |       |    60 |   220 |     9 ||   289
       Rpst.: Long sword |     9 |    11 |       |     2 |       |       ||    22

Table legend:
 A = Turns spent in this place as a percentage of turns spent in the entire game.
 B = Non-inter-level travel turns spent in this place as a percentage of non-inter-level travel turns spent in the entire game.
 C = Inter-level travel turns spent in this place as a percentage of turns spent in this place.
 D = Turns resting spent in this place as a percentage of non-inter-level travel turns spent in this place.
 E = Turns spent auto-exploring this place as a percentage of non-inter-level travel turns spent in this place.
 F = Non-inter-level travel turns spent in this place divided by the number of levels of this place that you've seen.
                   A       B       C       D       E      F
               +-------+-------+-------+-------+-------+----------------------
         Total | 100.0 | 100.0 |   2.0 |   0.3 |   0.0 | 173.9
       Dungeon |  38.8 |  38.6 |   2.5 |   0.0 |   0.0 | 193.0
        Temple |   1.8 |   1.2 |  37.0 |   0.0 |   0.0 |  46.0
          Lair |  27.0 |  27.2 |   1.4 |   0.0 |   0.0 | 217.4
         Swamp |  10.0 |  10.3 |   0.0 |   0.0 |   0.0 | 102.5
     Snake Pit |  13.8 |  14.1 |   0.0 |   2.1 |   0.0 | 140.8
         Abyss |   8.6 |   8.7 |   0.0 |   0.0 |   0.0 | 349.0
               +-------+-------+-------+-------+-------+----------------------

Table legend:
 A = Kills in this place as a percentage of kills in entire the game.
 B = Kills by you in this place as a percentage of kills by you in the entire game.
 C = Kills by friends in this place as a percentage of kills by friends in the entire game.
 D = Other kills in this place as a percentage of other kills in the entire game.
 E = Experience gained in this place as a percentage of experience gained in the entire game.
 F = Experience gained in this place divided by the number of levels of this place that you have seen.
                   A       B       C       D       E      F
               +-------+-------+-------+-------+-------+----------------------
         Total | 100.0 | 100.0 | 100.0 | 100.0 | 100.0 | 6229.2
       Dungeon |  24.7 |  28.4 |   6.8 |   0.0 |   3.2 | 573.0
          Lair |  19.5 |  18.8 |  25.4 |   0.0 |  13.6 | 3894.0
         Swamp |  17.0 |  13.9 |  27.1 |  83.3 |  18.4 | 6579.2
     Snake Pit |  30.3 |  29.0 |  40.7 |   0.0 |  45.8 | 16387.0
         Abyss |   8.5 |   9.9 |   0.0 |  16.7 |  19.1 | 27353.0
               +-------+-------+-------+-------+-------+----------------------

Vault maps used:
D:1:      nzn_arrival_settlement
D:2:      lemuel_crystal_altar, first_ration
D:3:      zin_purify, elyvilon_altar_1
D:4:      vehumet_altar_wand_db, corexii_item_surrounded_by_moat, uniq_edmund,
          uniq_eustachio
D:5:      lemuel_crystal_altar, lemuel_round_altar, kennysheep_okawaru_gauntlet,
          nicolae_qazlal_eye_of_the_storm, uniq_ijyb
D:6:      lemuel_ice_spiral_2, lemuel_doored_altar, old_standard_altar,
          serial_shops, shop_fountains, minmay_a_box_with_orc_wizards_in_it,
          uniq_duvessa
D:7:      temple_green
D:8:      lair_entry_dummy, uniq_pikel
Temple:   nicolae_temple_figure_eight
Lair:1:   grunt_megastairs_1, uniq_erica
Lair:2:   basic_altar, mumra_transporter_accident, st_stairs_7
Lair:4:   minmay_swamp_entry_worms, cheibrodos_lair_caveside_slide,
          small_statue_intersection, minivault_11, kennysheep_basilisk_garden
Lair:5:   nicolae_slime_entry_slimehenge
Swamp:1:  evilmike_swamp_ruin_rubble_2, swamp_pool4
Swamp:2:  infiniplex_staircase_pool, uniq_frances
Swamp:3:  hangedman_swamp_ruin_wall, swamp_pool3
Swamp:4:  swamp_alternative
Snake:1:  dpeg_stationary_puzzle
Snake:2:  serial_shops, nicolae_shop_window_shopping, serial_bayou_pond_e,
          guppyfry_snake_island
Snake:3:  serial_bayou_shore_b
Snake:4:  grunt_snake_rune_pools
Abyss:3:  evilmike_abyss_rune_siren_acolytes
